 Dungeon Crawl Stone Soup version 0.28.0-45-g0d030f2227 (webtiles) character file.

Game seed: 8468425658504594483

431 NinjaNoafa the Firebug (level 6, -24/75 HPs)
             Began as a Draconian Fire Elementalist on Apr 15, 2022.
             Annihilated by an ogre
             ... wielding a +0 giant club
              (27 damage)
             ... on level 4 of the Dungeon.
             The game lasted 00:10:01 (4281 turns).

NinjaNoafa the Firebug (DrFE)                       Turns: 4281, Time: 00:10:02

Health: -24/75     AC:  7    Str: 10    XL:     6   Next: 66%
Magic:  8/10       EV: 13    Int: 17    God:
Gold:   224        SH:  0    Dex: 12    Spells: 8/11 levels left

rFire   . . .      SeeInvis .   h - +3 mace (drain)
rCold   . . .      Faith    +   (no shield)
rNeg    . . .      Spirit   .   (armour unavailable)
rPois   .          Reflect  .   (helmet restricted)
rElec   .          Harm     .   (no cloak)
rCorr   .          Rampage  .   k - +0 pair of gloves
Will    .....                   (no boots)
Stlth   ..........              m - amulet of faith
HPRegen 0.22/turn               (no ring)
MPRegen 0.12/turn               (no ring)

@: berserking, attractive, very quick
A: AC +6, unfitting armour, cold-blooded
a: no special abilities


You were on level 4 of the Dungeon.
You visited 1 branch of the dungeon, and saw 4 of its levels.
You also visited: Sewer.

You collected 224 gold pieces.

Inventory:

Hand Weapons
 h - a +3 mace of draining (weapon)
 q - a +1 flail of protection
 s - a +0 hunting sling
Missiles
 c - 5 poisoned darts
 j - 93 stones
Armour
 k - a +0 pair of gloves (worn)
Jewellery
 m - an amulet of faith (around neck)
Wands
 t - a wand of flame (6)
Scrolls
 b - a scroll of summoning
 d - 3 scrolls of blinking {unknown}
 f - 3 scrolls of teleportation {unknown}
 i - a scroll of fear {unknown}
 o - 2 scrolls of enchant armour {unknown}
 r - 4 scrolls of noise {unknown}
 x - a scroll of amnesia {unknown}
Potions
 e - a potion of resistance {unknown}
 g - a potion of attraction
 l - a potion of flight {unknown}
 n - a potion of might
 p - a potion of curing {unknown}
 u - a potion of lignification {unknown}
 v - a potion of cancellation {unknown}
 w - a potion of haste {unknown}


   Skills:
 + Level 2.4 Fighting
 - Level 1.0 Maces & Flails
 + Level 3.4 Dodging
 - Level 1.7 Stealth
 + Level 3.0 Spellcasting
 + Level 3.4 Conjurations
 + Level 4.0 Fire Magic
 + Level 1.3 Evocations


You had 8 spell levels left.
You knew the following spells:

 Your Spells              Type           Power      Damage    Failure   Level
a - Foxfire               Conj/Fire      60%        2x1d7     3%          1
b - Scorch                Fire           32%        2d7       4%          2

Your spell library contained the following spells:

 Spells                   Type           Power      Damage    Failure   Level
 Conjure Flame            Conj/Fire      15%        6-21      12%         3
 Inner Flame              Hex/Fire       9%         N/A       22%         3
 Flame Wave               Conj/Fire      15%        2d6       36%         4


Dungeon Overview and Level Annotations

Branches:
Dungeon (4/15)             Temple (0/1) D:4           Sewer (visited)

Altars:


Innate Abilities, Weirdness & Mutations

Your plain brown scales are hard. (AC +6)
You cannot fit into any form of body armour.
You are cold-blooded and may be slowed by cold attacks.


Message History

The centaur is lightly wounded.
An ogre comes into view. It is wielding a +0 giant club.
The centaur shoots an arrow.
The arrow hits you!
The centaur shoots an arrow.
The arrow hits you.
Casting: Foxfire (safe; 4% risk of failure)
Confirm with . or Enter, or press ? or * to list all spells.
Flames lash the centaur.
The centaur is heavily wounded.
The centaur's fire resistance burns away.
The centaur shoots an arrow.
The arrow hits you.
* * * LOW HITPOINT WARNING * * *
It was a potion of attraction.
You feel attractive to monsters.
The centaur shoots an arrow.
The arrow closely misses you.
The centaur shoots an arrow.
The arrow hits you.
* * * LOW HITPOINT WARNING * * *
The centaur is attracted toward you. The ogre is attracted toward you.
It was a potion of berserk rage.
A red film seems to cover your vision as you go berserk!
You feel yourself moving faster!
You feel mighty!
The centaur unwields a +0 shortbow.
The centaur hits you but does no damage.
The centaur kicks you.
* * * LOW HITPOINT WARNING * * *
The ogre hits you with a +0 giant club.
* * * LOW HITPOINT WARNING * * *
You sock the centaur!
You kill the centaur!
The ogre hits you with a +0 giant club.
* * * LOW HITPOINT WARNING * * *
Training target 1.0 for Maces & Flails reached!
Your Maces & Flails skill increases to level 1!
Your Spellcasting skill increases to level 3!
Your Fire Magic skill increases to level 4!
You hit the ogre. You drain the ogre.
The ogre is moderately wounded.
You barely miss the ogre.
The ogre is moderately wounded.
The ogre hits you with a +0 giant club!!
You die...

§§..##...##... ...##
..###.....###. #.....
###.........#######....#
......................#
..........#######.##.##
.#####.......# #...#
######### #.⌠.#
####...#### #..)@.....#
#.⌠.O>..⌠.# #.?.......#
####...#### #.⌠.# #^..#
##..# ...


You could see an ogre (drained).

Vanquished Creatures
  An ogre (D:3)
  A centaur (D:4)
  A crimson imp (D:4)
  A jelly (D:4)
  2 iguanas (D:4)
  7 adders
  2 river rats (Sewer)
  4 worms
  2 dart slugs
  An orc (D:4)
  2 bats
  4 endoplasms
  A giant cockroach (D:2)
  2 hobgoblins
  2 quokkas
  6 ball pythons
  13 frilled lizards
  5 goblins
  4 kobolds
  11 rats
72 creatures vanquished.

Vanquished Creatures (collateral kills)
  3 foxfires (D:2)
3 creatures vanquished.

Vanquished Creatures (others)
  138 foxfires
  8 plants (D:2)
146 creatures vanquished.

Grand Total: 221 creatures vanquished

Notes
Turn   | Place    | Note
-------+----------+-------------------------------------------
     0 | D:1      | NinjaNoafa the Draconian Fire Elementalist began the quest
                  | for the Orb.
     0 | D:1      | Reached XP level 1. HP: 14/14 MP: 3/3
   483 | D:1      | Reached XP level 2. HP: 20/20 MP: 0/5
  1143 | D:1      | Found a faded altar of an unknown god.
  1342 | D:2      | Reached XP level 3. HP: 27/27 MP: 1/6
  2121 | D:3      | Reached skill level 1 in Fighting
  2148 | D:3      | Noticed an ogre
  2155 | D:3      | Killed an ogre
  2156 | D:3      | Reached XP level 4. HP: 35/35 MP: 3/7
  2331 | D:3      | Reached XP level 5. HP: 40/40 MP: 5/8
  2713 | D:3      | Identified the +2 robe "Veos Yfe" {rC++ Str+5}
  2833 | D:3      | Learned a level 2 spell: Scorch
  3339 | D:4      | Noticed a phantom
  3395 | D:4      | Found a glowing drain.
  3407 | D:4      | Reached XP level 6. HP: 40/48 MP: 5/10
  3409 | Sewer    | Entered a sewer
  3534 | Sewer    | Reached skill level 1 in Evocations
  4266 | D:4      | Found a staircase to the Ecumenical Temple.
  4279 | D:4      | HP: 2/73 [ogre/+0 giant club (5)]
  4280 | D:4      | Reached skill level 1 in Maces & Flails
  4280 | D:4      | Reached skill level 4 in Fire Magic
  4281 | D:4      | Annihilated by an ogre

Illustrated notes

Levels and vault maps discovered:
D:1:      heliophobic_arrival_henge, layout_basic,
          chequers_ecumenical_altar_grove, minmay_split_cup_small
D:2:      minmay_spotlight, layout_basic, serial_bayou, serial_bayou_pond_a,
          serial_bayou_lake_a, serial_bayou_pond_d, serial_bayou_pond_d
D:3:      layout_basic
D:4:      layout_loops_ring, minmay_temple_entry_junction,
          cheibrodos_sewer_entry_bend, chequers_serial_rivers_small_3,
          minmay_fire_ice_demons

Skill      XL: |  1  2  3  4  5  6 |
---------------+-------------------+-----
Dodging        | 2 3 |  3.4
Conjurations   | 2 3 |  3.4
Fighting       | 1 2 |  2.4
Evocations     | 1 |  1.3
Maces & Flails | 1 |  1.0
Spellcasting   | 3 |  3.0
Fire Magic     | 4 |  4.0
Stealth        | |  1.7

Action                   |  1- 3 |  4- 6 || total
-------------------------+-------+-------++-------
Melee: Mace              |    35 |    49 ||    84
       Tailslap          |     4 |     3 ||     7
 Cast: Foxfire           |    50 |    40 ||    90
       Scorch            |       |    20 ||    20
  Use: Potion            |     1 |     2 ||     3
       Scroll            |       |     3 ||     3
 Stab: Sleeping          |     2 |     1 ||     3
Armor: Skin              |    16 |    19 ||    35
Dodge: Dodged            |    37 |    50 ||    87
